 Dungeon Crawl Stone Soup version 0.28.0 (webtiles) character file.

Game seed: 16767696612514670806

197580 murtidash the Executioner (level 19, -8/150 HPs)
             Began as a Formicid Abyssal Knight on Feb 8, 2022.
             Was the Champion of Lugonu.
             Mangled by a naga ritualist (20 damage)
             ... on level 4 of the Snake Pit.
             The game lasted 01:34:33 (40844 turns).

murtidash the Executioner (FoAK)                   Turns: 40844, Time: 01:34:34

Health: -8/150     AC: 18    Str: 26    XL:     19   Next: 58%
Magic:  9/30       EV: 11    Int: 10    God:    Lugonu [******]
Gold:   490        SH: 27    Dex: 14    Spells: 26/26 levels left

rFire   + . .      SeeInvis +   a - +9 executioner's axe (distort)
rCold   x . .      Faith    +   B - +7 tower shield {reflect}
rNeg    . . .      Spirit   .   J - +6 scale mail "Pariown" {Fly rElec rPois rC-}
rPois   .          Reflect  +   (helmet unavailable)
rElec   +          Harm     .   o - +0 cloak
rCorr   .          Rampage  .   Q - +1 pair of gloves {infuse}
Will    +....                   (no boots)
Stlth   +.........              h - amulet "Oqoe" {Faith rF+ Regen+ Stlth+}
HPRegen 1.15/turn               f - ring of Posanen {rPois Dex+3}
MPRegen 0.22/turn               s - +4 ring of slaying

@: lethally poisoned (-8 -> -9), untranslocatable, poison vulnerable, flying,
constricted, invisible
A: permanent stasis, dig shafts and tunnels, antennae 3, four strong arms
a: Dig, Shaft Self, Renounce Religion, Depart the Abyss, Bend Space, Banish,
Corrupt, Enter the Abyss, Brand Weapon With Distortion


You were on level 4 of the Snake Pit.
You worshipped Lugonu.
Lugonu was exalted by your worship.
You visited 5 branches of the dungeon, and saw 29 of its levels.
You visited the Abyss 2 times.
You visited 1 bazaar.
You also visited: Bailey and Volcano.

You collected 2255 gold pieces.
You spent 1765 gold pieces at shops.

Inventory:

Hand Weapons
 a - a +9 executioner's axe of distortion (weapon)
   (You subdued it on level 2 of the Elven Halls)
 b - the +8 scimitar of Victory {flame, *Slow rN+ Str+8}
   (You found it on level 9 of the Dungeon)

   It burns those it strikes, dealing additional fire damage.
   Big, fiery blades are also staple armaments of hydra-hunters.
   Str:       It affects your strength (+8).
   rN:        It protects you from negative energy.
   *Slow:     It may slow you when you take damage.
 u - the +10 broad axe of Exquisite Death {antimagic, rC+}
   (You acquired it on level 7 of the Dungeon)

   It reduces the magical energy of the wielder, and disrupts the spells and
   magical abilities of those it strikes.
   Natural abilities and divine invocations are not affected.
   rC:        It protects you from cold.
 U - the +8 long sword of Zigi Efa {venom, Int+4 SInv}
   (You found it on level 2 of the Orcish Mines)

   It poisons the flesh of those it strikes.
   Int:       It affects your intelligence (+4).
   SInv:      It lets you see invisible.
Missiles
 H - 22 javelins
Armour
 o - a +0 cloak (worn)
   (You found it on level 2 of the Dungeon)
 B - a +7 tower shield of reflection (worn)
   (You bought it in a shop on level 2 of the Orcish Mines)
 G - the -3 pair of boots of Vyizaogud {Regen+}
   (You bought it in a shop in a bazaar)

   Regen:     It increases your rate of health regeneration.
 J - the +6 scale mail "Pariown" (worn) {Fly rElec rPois rC-}
   (You bought it in a shop in a bazaar)

   rC:        It makes you vulnerable to cold.
   rElec:     It insulates you from electricity.
   rPois:     It protects you from poison.
   Fly:       It grants you flight.
 Q - a +1 pair of gloves of infusion (worn)
   (You bought it in a shop in a bazaar)
Jewellery
 f - the ring of Posanen (left hand) {rPois Dex+3}
   (You bought it in a shop on level 2 of the Elven Halls)

   [ring of poison resistance]

   Dex:       It affects your dexterity (+3).
   rPois:     It protects you from poison.
 h - the amulet "Oqoe" (around neck) {Faith rF+ Regen+ Stlth+}
   (You acquired it on level 10 of the Dungeon)

   [amulet of faith]

   It allows you to gain divine favour quickly.
   rF:        It protects you from fire.
   Regen:     It increases your rate of health regeneration.
   Stlth:     It makes you more stealthy.
 q - a +4 ring of evasion
   (You found it on level 3 of the Dungeon)
 s - a +4 ring of slaying (right hand)
   (You found it on level 6 of the Lair of Beasts)
 w - a ring of resist corrosion
   (You took it off an orc wizard on level 4 of the Dungeon)
 x - a +6 ring of strength
   (You found it on level 7 of the Dungeon)
 y - the ring "Gogakaav" {Ice rPois Str+5 Dex+4}
   (You found it on level 7 of the Dungeon)

   [ring of ice]

   It enhances your ice magic.
   Str:       It affects your strength (+5).
   Dex:       It affects your dexterity (+4).
   rF:        It makes you vulnerable to fire.
   rC:        It protects you from cold.
   rPois:     It protects you from poison.
 C - a +4 ring of protection
   (You found it on level 7 of the Dungeon)
 P - a ring of willpower
   (You found it on level 2 of the Lair of Beasts)
 R - a ring of protection from cold {rC+, !d}
   (You found it on level 3 of the Lair of Beasts)
 T - a ring of flight {+Fly, !d}
   (You found it on level 6 of the Lair of Beasts)
 Y - the ring of Eternal Harmony {rElec rPois rF- rN+ Int+4}
   (You found it on level 1 of the Snake Pit)

   [ring of poison resistance]

   Int:       It affects your intelligence (+4).
   rF:        It makes you vulnerable to fire.
   rElec:     It insulates you from electricity.
   rPois:     It protects you from poison.
   rN:        It protects you from negative energy.
Wands
 g - a wand of charming (4)
   (You took it off Erica on level 1 of the Lair of Beasts)
 i - a wand of iceblast (6)
   (You found it on level 2 of the Dungeon)
 v - a wand of paralysis (12)
   (You took it off a goblin on level 3 of the Dungeon)
 N - a wand of mindburst (8)
   (You found it on level 11 of the Dungeon)
 V - a wand of acid (8)
   (You found it on level 4 of the Lair of Beasts)
 X - a wand of flame (47)
   (You found it on level 3 of the Lair of Beasts)
Scrolls
 c - a scroll of vulnerability {!r!r}
 d - 6 scrolls of holy word {!r}
 l - 7 scrolls of identify {@r1}
 p - 4 scrolls of fog
 E - 3 scrolls of brand weapon
 L - 4 scrolls of amnesia
 M - 3 scrolls of magic mapping {!r}
 O - a scroll of fear
 S - 2 scrolls of immolation {!r}
 W - a scroll of summoning
Potions
 e - 6 potions of mutation {!q}
 j - 7 potions of lignification {!q}
 k - 2 potions of magic
 r - 2 potions of flight
 t - 3 potions of resistance
 z - 3 potions of cancellation
 A - a potion of brilliance
 F - 4 potions of ambrosia
 K - a potion of might
Miscellaneous
 n - a phantom mirror
   (You found it on level 2 of the Elven Halls)
 D - a box of beasts
   (You found it on level 2 of the Orcish Mines)
 Z - a phial of floods
   (You found it on level 6 of the Lair of Beasts)


   Skills:
 + Level 13.6 Fighting
 * Level 21.7 Axes
 - Level 10.0 Armour
 + Level 11.6 Dodging
 + Level 17.1 Shields
 - Level 4.0 Spellcasting
 + Level 15.7 Invocations


You had 26 spell levels left.
You didn't know any spells.
Your spell library contained the following spells:

 Spells                   Type           Power      Damage    Failure   Level
 Animate Skeleton         Necr           4%         N/A       75%         1
 Apportation              Tloc           4%         N/A       75%         1
 Beastly Appendage        Tmut           4%         N/A       75%         1
 Freeze                   Ice            8%         1d3       75%         1
 Magic Dart               Conj           8%         1d3       75%         1
 Summon Small Mammal      Summ           8%         N/A       75%         1
 Call Imp                 Summ           2%         N/A       86%         2
 Static Discharge         Conj/Air       2%         N/A       86%         2
 Wereblood                Tmut           2%         N/A       86%         2
 Confusing Touch          Hex            2%         N/A       98%         3
 Frozen Ramparts          Ice            4%         1d2       98%         3
 Gell's Gravitas          Tloc           2%         N/A       98%         3
 Ignite Poison            Fire/Tmut/Pois 2%         N/A       98%         3
 Lesser Beckoning         Tloc           2%         N/A       98%         3
 Mephitic Cloud           Conj/Pois/Air  2%         N/A       98%         3
 Ozocubu's Armour         Ice            2%         N/A       98%         3
 Portal Projectile        Hex/Tloc       4%         N/A       98%         3
 Spider Form              Tmut/Pois      2%         N/A       98%         3
 Summon Guardian Golem    Hex/Summ       2%         N/A       98%         3
 Teleport Other           Tloc           2%         N/A       98%         3
 Tukima's Dance           Hex            2%         N/A       98%         3
 Cause Fear               Hex            1%         N/A       100%        4
 Dispel Undead            Necr           2%         3d7       100%        4
 Fulminant Prism          Conj/Hex       1%         3d6       100%        4
 Hailstorm                Conj/Ice       2%         3d3       100%        4
 Iskenderun's Mystic Bla  Conj/Tloc      2%         2d3       100%        4
 Passage of Golubria      Tloc           2%         N/A       100%        4
 Sticky Flame             Conj/Fire      2%         2d3       100%        4
 Summon Lightning Spire   Summ/Air       2%         N/A       100%        4
 Blade Hands              Tmut           1%         N/A       100%        5
 Excruciating Wounds      Necr           1%         N/A       100%        5
 Freezing Cloud           Conj/Ice/Air   1%         6-21      100%        5
 Lee's Rapid Deconstruct  Erth           1%         3d5*      100%        5
 Manifold Assault         Tloc           2%         N/A       100%        5
 Metabolic Englaciation   Hex/Ice        1%         N/A       100%        5
 Yara's Violent Unravell  Hex/Tmut       1%         3d3       100%        5
 Simulacrum               Ice/Necr       1%         N/A       100%        6
 Dragon Form              Tmut           1%         N/A       100%        7
 Enfeeble                 Hex            1%         N/A       100%        7
 Malign Gateway           Summ/Tloc      1%         N/A       100%        7
 Orb of Destruction       Conj           1%         9d5       100%        7
 Spellforged Servitor     Conj/Summ      1%         N/A       100%        7
 Storm Form               Tmut/Air       1%         N/A       100%        7
 Maxwell's Capacitive Co  Air            1%         ∞         100%        8
 Summon Horrible Things   Summ           1%         N/A       100%        8
 Dragon's Call            Summ           1%         N/A       100%        9
 Polar Vortex             Ice            1%         N/A       100%        9
 Blink                    Tloc           Unusable   N/A       N/A         2

Dungeon Overview and Level Annotations

Branches:
Dungeon (15/15)            Temple (0/1) D:5            Lair (6/6) D:10
  Swamp (0/4) Lair:4        Snake (4/4) Lair:3        Slime (0/5) Lair:6
    Orc (2/2) D:10            Elf (2/3) Orc:2        Vaults (0/5) D:13
 Depths (0/4) D:15         Bailey (visited)         Volcano (visited)

Altars:
Cheibriados
Dithmenos
Elyvilon
Fedhas
Kikubaaqudgha
Makhleb
Nemelex Xobeh
Okawaru
Sif Muna
Trog
Vehumet
Zin
The Shining One
Beogh
Jiyva

Shops:
D:5 (   D:9 [   Orc:1 *   Orc:2 (:[(   Elf:1 *   Elf:2 =?:   Snake:3 =

Annotations:
D:9 2 transporters, PerfectTommy's ghost, novice MiBe
D:11 2 transporters, KApperson's ghost, journeyman MiBe
Snake:4 corrupted, exclusion: 2 doors
Abyss:1 Asterion; Edmund; Frances; Harold


Innate Abilities, Weirdness & Mutations

You cannot be hasted, slowed, berserked, paralysed or teleported.
You can dig through walls and to a lower floor.
You have a pair of large antennae on your head. (SInv)
Your four strong arms can wield two-handed weapons with a shield.


Message History

Lugonu accepts your kill.
You feel very sick.
The guardian serpent coils itself and waves its upper body at you.
The naga mage blinks!
The naga warrior blinks!
The naga ritualist blinks!
The nagaraja blinks!
The naga ritualist blinks!
The naga warrior writhes in pain as voices assail its mind.
The thrashing horror closely misses the naga ritualist.
The thrashing horror tramples the naga ritualist.
The naga ritualist holds its ground!
You hear a shout!
You take 5 damage, and have 64/150 hp.
You now have 13/30 mp.
You closely miss the naga ritualist. You slice the naga mage!!
You slash the naga warrior!
Space warps horribly around the naga warrior!
You completely miss the naga ritualist. You slash the nagaraja!
Space warps around the nagaraja.
You slice the naga warrior!!
Space warps horribly around the naga warrior!
The naga mage blinks!
You feel very sick.
The thrashing horror tramples the naga warrior!
The naga warrior holds its ground!
The thrashing horror tramples the naga warrior!
The naga warrior holds its ground!
The nagaraja casts a spell at you. The bolt of poison hits you!!
You are more poisoned.
* * * LOW HITPOINT WARNING * * *
You block the naga warrior's attack. x2
The lich completely misses the naga mage.
The naga warrior barely misses you. x2; The neqoxec hits the naga warrior.
The naga mage hits you with a +0 spear!
* * * LOW HITPOINT WARNING * * *
You block the naga mage's attack.
The naga ritualist invokes the aid of its god against you.
You feel yourself grow more vulnerable to poison.
The starcursed mass touches the naga warrior but does no damage.
The thrashing horror closely misses the naga ritualist. x2
The naga ritualist prays to its god.
The naga ritualist begins to radiate toxic energy.
* * * LOW HITPOINT WARNING * * *
You are more poisoned.
The apocalypse crab looks even sicker.
You take 42 damage, and have 22/150 hp.
MASSIVE DAMAGE!!
You now have 9/30 mp.
You don't have enough magic at the moment.
You feel better.
* * * LOW HITPOINT WARNING * * *
You are poisoned.
The thrashing horror barely misses the nagaraja.
The thrashing horror tramples the nagaraja.
The nagaraja holds its ground!
The nagaraja hits you but does no damage.
You block the nagaraja's attack. You block the naga warrior's attack. x2
The thrashing horror tramples the naga warrior!
The naga warrior holds its ground!
The thrashing horror closely misses the naga warrior.
The lich gestures wildly while chanting.
The lich flickers and vanishes for a moment.
You block the naga warrior's attack. The naga warrior grabs you.
The naga warrior constricts you.
The neqoxec misses the naga warrior.
A tentacle flies out from the starspawn's body!
The naga mage spits poison at you.
Your +7 tower shield of reflection reflects the splash of poison!
The splash of poison hits the naga mage.
The naga mage completely resists.
The naga ritualist completely misses you.
The starcursed mass touches the naga warrior.
The nagaraja hits you with a +0 club!
* * * LOW HITPOINT WARNING * * *
You block the naga ritualist's attack.
A starspawn tentacle comes into view.
You take 7 damage, and have 15/150 hp.
Okay, then.
Unknown command.
Okay, then.
Unknown command.
Okay, then.
Unknown command.
You fade into invisibility!
You feel sick.
* * * LOW HITPOINT WARNING * * *
You are more poisoned.
The apocalypse crab looks even sicker.
The raiju looks even sicker.
The thrashing horror barely misses the naga warrior.
The thrashing horror tramples the naga warrior.
The naga warrior holds its ground!
The thrashing horror tramples the naga ritualist!
The naga ritualist holds its ground!
The thrashing horror tramples the naga ritualist.
The naga ritualist stumbles backwards!
You block the nagaraja's attack.
The lich touches the naga mage.
The lich drains the naga mage.
The naga warrior spits poison at you.
Your +7 tower shield of reflection reflects the splash of poison!
The splash of poison hits the naga warrior.
The naga warrior spits poison at you. The splash of poison misses you.
The splash of poison hits the naga warrior.
The naga warrior completely resists.
The naga warrior constricts you.
The neqoxec hits the naga ritualist.
The naga mage barely misses you.
The naga ritualist hits you with a +0 halberd!!
You die...

.... #..{5.... {........#.
...##..{§#.. ##....#...##
##..##{.#.)###...#.....##
##....##.#X5)#...##.......
##..§.§.##{Xxw†..##..###.##
#........##X#Xht..t..##..##
.......)..L3XX{##....##.###
.....).)SNNN#?###.#.#......
#.......##@NX## ####.#####.
##....$.#N.X## ########.
##...##..N## #........
##.##...## #........
N......# #........
.......## #........ .##...#
#........ ...# #........
#########


You could see 2 naga warriors, a nagaraja (fast, strong), 2 naga ritualists, a
guardian serpent, a naga mage (strong, drained), 3 neutral starcursed masses, a
neutral tentacled starspawn (summoned), a neutral lich (summoned, invisible), a
neutral apocalypse crab (summoned, very poisoned), a neutral thrashing horror
(summoned), 3 neutral large abominations, a neutral raiju (summoned, very
poisoned), a neutral neqoxec (summoned), a neutral small abomination (summoned),
a neutral starspawn tentacle and a neutral white imp (summoned).

Vanquished Creatures
  Gastronok (Lair:1)
  A nagaraja (Snake:4)
  2 deep elf sorcerers (Elf:2)
  3 ghouls
  Aizul (Snake:1)
  A deep elf death mage (Elf:1)
  6 hydras
  Erolcha (Orc:2)
  Josephine (D:13)
  8 vault guards (D:13)
  4 boulder beetles
  11 naga warriors
  4 centaur warriors
  7 two-headed ogres
  4 anacondas
  A merfolk avatar (Lair:6)
  Erica (Lair:1)
  A death knight (D:13)
  26 dancing weapons
  3 tengu warriors
  4 orc high priests (Orc:2)
  6 death yaks
  A vampire mage (D:15)
  2 naga sharpshooters
  20 deep elf knights
  7 shock serpents
  A fire crab (Volcano)
  4 salamander mystics (Snake:4)
  10 skeletal warriors
  2 sea snakes (Lair:6)
  2 bog bodies (Lair:4)
  4 naga ritualists
  6 orc knights
  2 lindwurms (Lair:6)
  Pikel (D:7)
  A wolf spider zombie (D:14)
  15 deep elf archers
  4 phantasmal warriors
  25 deep elf pyromancers
  7 mana vipers
  A necromancer (D:15)
  5 ugly things (D:14)
  8 orc sorcerers
  18 deep elf zephyrmancers
  5 cyclopes
  4 salamanders
  2 manticores
  2 frost giant zombies (D:15)
  30 black mambas
  11 elephants
  A guardian serpent (shapeshifter) (D:10)
  4 guardian serpents
  11 naga magi
  A torpor snail (Lair:6)
  3 gargoyles
  8 rime drakes
  A spriggan zombie (D:15)
  10 cane toads
  9 komodo dragons
  An efreet (D:13)
  4 tengu conjurers
  3 freezing wraiths
  A spectral naga (Snake:2)
  7 trolls
  8 polar bears
  A spriggan skeleton (D:15)
  A queen bee (D:9)
  3 meliai (D:15)
  A meliai (shapeshifter) (Elf:1)
  A wind drake (Lair:6)
  5 snapping turtles (Lair:6)
  A raiju (shapeshifter) (Elf:2)
  9 slime creatures
  6 dream sheep (Lair:5)
  18 blink frogs
  3 water elementals
  A spriggan (Lair:3)
  A spriggan (shapeshifter) (D:15)
  An air elemental (Elf:2)
  3 shadows
  10 wyverns
  2 fire bats (Volcano)
  A vampire (D:12)
  4 fire elementals
  6 wraiths
  8 basilisks
  22 yaks
  A redback (shapeshifter) (Elf:2)
  8 vampire mosquitoes
  4 wargs
  4 steam dragons
  Menkaure (D:6)
  31 nagas
  9 water moccasins
  An acid dragon (D:14)
  5 hell hounds
  36 orc warriors
  2 black bears
  3 ice beasts
  9 ogres
  A necrophage (D:6)
  15 wolves
  21 centaurs
  3 lemures (D:7)
  A phantom (D:4)
  11 bullfrogs
  2 kobold brigands
  A gnoll sergeant (D:7)
  2 scorpions
  5 earth elementals (Elf:2)
  A water moccasin zombie (D:5)
  A water moccasin skeleton (D:6)
  19 killer bees (D:9)
  An electric eel (Lair:6)
  7 wights
  3 howler monkeys (D:9)
  A lava snake (D:13)
  6 centaur zombies
  3 bullfrog zombies (D:5)
  2 hounds
  2 iguanas
  27 orc priests
  9 hell rats (Lair:5)
  25 orc wizards
  A mummy (D:14)
  Robin (D:2)
  5 gnolls
  4 adders
  3 ufetubi
  3 worms
  5 dart slugs
  102 orcs
  12 bats
  3 bat zombies (D:12)
  10 endoplasms
  2 giant cockroaches
  19 goblins
  9 hobgoblins
  9 jackals
  21 kobolds
  7 quokkas
  9 ball pythons
  7 frilled lizards
  6 rats
998 creatures vanquished.

Vanquished Creatures (others)
  Vashnia (Snake:4)
  Nikola (Snake:2)
  A nagaraja (Snake:4)
  2 anacondas (Snake:4)
  3 naga sharpshooters (Snake:4)
  A deep elf pyromancer (Elf:2)
  2 salamanders (Snake:4)
  A guardian serpent (Snake:4)
  A black mamba (Snake:4)
  A fire elemental (Elf:2)
  5 nagas
  26 fungi
  50 plants
  4 starspawn tentacles (Snake:4)
  3 withered plants
102 creatures vanquished.

Grand Total: 1100 creatures vanquished

Notes
Turn   | Place    | Note
-------+----------+-------------------------------------------
     0 | Abyss:1  | murtidash the Formicid Abyssal Knight began the quest for
                  | the Orb.
     0 | Abyss:1  | Reached XP level 1. HP: 18/18 MP: 2/2
     4 | D:1      | Escaped the Abyss
   567 | D:1      | Reached XP level 2. HP: 24/24 MP: 3/3
   848 | D:1      | Found a faded altar of an unknown god.
   854 | D:1      | Reached XP level 3. HP: 29/29 MP: 5/5
   892 | D:1      | Reached skill level 3 in Axes
  1002 | D:1      | Reached ** piety under Lugonu
  1073 | D:1      | Reached skill level 3 in Invocations
  1527 | D:2      | Reached XP level 4. HP: 25/35 MP: 6/6
  1671 | D:2      | Noticed Robin
  1674 | D:2      | Killed Robin
  1692 | D:2      | Reached skill level 4 in Axes
  1994 | D:2      | Reached XP level 5. HP: 38/41 MP: 7/7
  3002 | D:2      | Reached *** piety under Lugonu
  3183 | D:3      | Reached skill level 4 in Invocations
  4287 | D:4      | Reached skill level 5 in Axes
  4287 | D:4      | Reached XP level 6. HP: 40/47 MP: 9/9
  4757 | D:4      | Reached skill level 5 in Invocations
  4757 | D:4      | Reached XP level 7. HP: 31/49 MP: 10/10
  5016 | D:4      | Reached skill level 6 in Axes
  5813 | D:5      | Entered Level 5 of the Dungeon
  5887 | D:5      | Found a staircase to the Ecumenical Temple.
  6184 | D:5      | Noticed Edmund
  6195 | D:5      | Banished Edmund
  6196 | D:5      | Reached skill level 7 in Axes
  6196 | D:5      | Reached skill level 6 in Invocations
  6196 | D:5      | Reached XP level 8. HP: 58/58 MP: 4/12
  6271 | D:5      | Found Emaefoenih's Antique Weapon Shop.
  6812 | D:5      | Reached skill level 8 in Axes
  6889 | D:5      | Noticed a blizzard demon
  6890 | D:5      | Found a burning altar of Makhleb.
  6894 | D:5      | Found a glowing silver altar of Zin.
  6894 | D:5      | Noticed an angel
  7015 | D:5      | Reached **** piety under Lugonu
  7184 | D:6      | Reached skill level 7 in Invocations
  7368 | D:6      | Noticed Menkaure
  7376 | D:6      | Killed Menkaure
  7506 | D:6      | Reached XP level 9. HP: 52/64 MP: 14/14
  7607 | D:6      | Reached skill level 9 in Axes
  8018 | D:6      | Reached skill level 8 in Invocations
  8417 | D:7      | Reached skill level 10 in Axes
  8589 | D:7      | Identified the ring "Gogakaav" {Ice rPois Str+5 Dex+4}
  8736 | D:7      | Identified a scroll of acquirement
  8737 | D:7      | Acquired the +10 broad axe of Exquisite Death {antimagic,
                  | rC+}
  9209 | D:7      | Reached skill level 9 in Invocations
  9406 | D:8      | Noticed Pikel
  9534 | D:7      | Killed Pikel
  9535 | D:7      | Reached skill level 11 in Axes
  9535 | D:7      | Reached XP level 10. HP: 51/70 MP: 5/17
  9816 | D:8      | Noticed a two-headed ogre
  9834 | D:8      | Banished a two-headed ogre
  9835 | D:8      | Reached skill level 10 in Invocations
 10250 | D:8      | Noticed Harold
 10251 | D:8      | Banished Harold
 10252 | D:8      | Reached skill level 12 in Axes
 10460 | D:8      | Noticed a komodo dragon
 10466 | D:8      | Killed a komodo dragon
 10530 | D:9      | Found a transporter.
 10531 | D:9      | Noticed PerfectTommy's ghost (novice MiBe)
 10536 | D:9      | Noticed a two-headed ogre
 10708 | D:9      | Reached skill level 11 in Invocations
 10711 | D:9      | Reached XP level 11. HP: 69/75 MP: 6/19
 10723 | D:9      | Reached skill level 13 in Axes
 10758 | D:9      | Found a sparkling altar of Nemelex Xobeh.
 10844 | D:9      | Found a white marble altar of Elyvilon.
 10844 | D:9      | Found a shadowy altar of Dithmenos.
 10861 | D:9      | Found a blossoming altar of Fedhas.
 10863 | D:9      | Found a glowing golden altar of the Shining One.
 10868 | D:9      | Found an iron altar of Okawaru.
 10872 | D:9      | Found a snail-covered altar of Cheibriados.
 10900 | D:9      | Found a flagged portal.
 10909 | Bailey   | Entered a bailey
 11755 | Bailey   | Reached ***** piety under Lugonu
 13517 | D:9      | Found a transporter.
 13525 | D:9      | Noticed a deep elf pyromancer
 13528 | D:9      | Identified the ring "Tutzaff Arish" {Drain rC++ rN+ rCorr}
 13537 | D:9      | Noticed a brown ugly thing
 13545 | D:9      | Found Cheibriados's Comfort Zone.
 13545 | D:9      | Found a snail-covered altar of Cheibriados.
 13554 | D:9      | Reached skill level 12 in Invocations
 13567 | D:9      | Reached skill level 14 in Axes
 13900 | D:9      | Identified the +8 scimitar of Victory {flame, *Slow rN+
                  | Str+8}
 14194 | D:10     | Entered Level 10 of the Dungeon
 14207 | D:10     | Found a staircase to the Orcish Mines.
 14301 | D:10     | Reached skill level 1 in Shields
 14554 | D:10     | Noticed a two-headed ogre
 14562 | D:10     | Noticed a death yak
 14564 | D:10     | Killed a two-headed ogre
 14565 | D:10     | Reached skill level 2 in Shields
 14565 | D:10     | Reached skill level 1 in Spellcasting
 14818 | D:9      | Banished a death yak
 14819 | D:9      | Reached skill level 3 in Shields
 15071 | D:10     | Noticed a death yak
 15071 | D:10     | Noticed a death yak
 15071 | D:10     | Noticed a death yak
 15120 | D:9      | Killed a death yak
 15121 | D:9      | Reached skill level 4 in Shields
 15121 | D:9      | Reached skill level 2 in Spellcasting
 15342 | D:10     | Noticed a death yak
 15348 | D:10     | HP: 9/75 [death yak (19)]
 15425 | D:9      | Banished a death yak
 15426 | D:9      | Reached skill level 5 in Shields
 15650 | D:9      | Killed a death yak
 15651 | D:9      | Reached XP level 12. HP: 38/81 MP: 7/21
 15850 | D:10     | Killed a death yak
 15851 | D:10     | Reached skill level 6 in Shields
 15851 | D:10     | Reached skill level 3 in Spellcasting
 16114 | D:10     | Found a staircase to the Lair.
 16191 | D:10     | Reached skill level 15 in Axes
 16863 | D:10     | Reached skill level 7 in Shields
 16931 | D:10     | Acquired the amulet "Oqoe" {Faith rF+ Regen+ Stlth+}
 17196 | D:11     | Found a transporter.
 17198 | D:11     | Found a transporter.
 17199 | D:11     | Noticed KApperson's ghost (journeyman MiBe)
 17248 | D:11     | Reached skill level 3 in Armour
 17615 | D:11     | Reached skill level 4 in Spellcasting
 18006 | Lair:1   | Entered Level 1 of the Lair of Beasts
 18070 | Lair:1   | Reached skill level 8 in Shields
 18124 | Lair:1   | Identified the +2 lajatang "Efyneo" {venom, Str+2}
 18199 | Lair:1   | Noticed Erica
 18213 | Lair:1   | Killed Erica
 18214 | Lair:1   | Reached skill level 4 in Armour
 18409 | Lair:1   | Noticed Gastronok
 18423 | Lair:1   | Killed Gastronok
 18424 | Lair:1   | Reached skill level 4 in Fighting
 18471 | Lair:1   | Reached skill level 9 in Shields
 18736 | Lair:1   | Reached XP level 13. HP: 69/89 MP: 7/22
 19322 | Lair:2   | Noticed a five-headed hydra
 19333 | Lair:2   | Killed a one-headed hydra
 19354 | Lair:2   | Noticed a six-headed hydra
 19385 | Lair:2   | Killed a one-headed hydra
 19386 | Lair:2   | Reached skill level 5 in Armour
 19390 | Lair:2   | Reached skill level 16 in Axes
 19470 | Lair:2   | Reached skill level 5 in Fighting
 19487 | Lair:2   | Reached skill level 10 in Shields
 19951 | Lair:2   | Identified the +1 leather armour of Weightlessness {+Inv
                  | rC+}
 20160 | Lair:3   | Reached skill level 13 in Invocations
 20184 | Lair:3   | Found a staircase to the Snake Pit.
 20259 | Lair:3   | Reached skill level 6 in Armour
 20302 | Lair:3   | Found a dark tunnel.
 20340 | Volcano  | Entered a volcano
 20398 | Volcano  | Reached skill level 6 in Fighting
 21765 | Lair:4   | HP: 15/94 [death yak (22)]
 21999 | Lair:4   | Found a staircase to the Swamp.
 22013 | Lair:4   | Reached XP level 14. HP: 85/100 MP: 8/24
 22015 | Lair:4   | Reached skill level 7 in Armour
 22073 | Lair:4   | Reached skill level 17 in Axes
 22272 | Lair:4   | Reached skill level 7 in Fighting
 22972 | Lair:5   | Reached skill level 14 in Invocations
 23318 | Lair:5   | Reached skill level 8 in Armour
 23792 | Lair:6   | Entered Level 6 of the Lair of Beasts
 23947 | Lair:6   | Found a burning altar of Makhleb.
 24026 | Lair:6   | Reached skill level 8 in Fighting
 24524 | Lair:6   | Reached skill level 18 in Axes
 24577 | Lair:6   | Reached ****** piety under Lugonu
 24616 | Lair:6   | Reached XP level 15. HP: 73/112 MP: 8/25
 24808 | Lair:6   | Reached skill level 9 in Armour
 24937 | Lair:6   | Reached skill level 9 in Fighting
 24994 | Lair:6   | Found a staircase to the Slime Pits.
 24994 | Lair:6   | Found a viscous altar of Jiyva.
 25546 | Orc:1    | Entered Level 1 of the Orcish Mines
 25553 | Orc:1    | Reached skill level 1 in Dodging
 25659 | Orc:2    | Entered Level 2 of the Orcish Mines
 25707 | Orc:2    | Reached skill level 15 in Invocations
 25715 | Orc:2    | Noticed Erolcha
 25753 | Orc:2    | Reached skill level 2 in Dodging
 25772 | Orc:2    | Killed Erolcha
 26114 | Orc:1    | Reached skill level 10 in Armour
 26121 | Orc:1    | Found Rockelo's General Store.
 26131 | Orc:1    | Bought a scroll of enchant armour for 90 gold pieces
 26539 | Orc:2    | Reached skill level 3 in Dodging
 26653 | Orc:2    | Reached skill level 10 in Fighting
 26677 | Orc:2    | Identified the +8 long sword of Zigi Efa {venom, Int+4
                  | SInv}
 26737 | Orc:2    | Found Hapnuteb's Armour Boutique.
 26815 | Orc:2    | Noticed an orc warlord
 26841 | Orc:2    | Reached skill level 4 in Dodging
 26841 | Orc:2    | Banished an orc warlord
 26958 | Orc:2    | Reached skill level 5 in Dodging
 26960 | Orc:2    | Found Piwatia's Weapon Shoppe.
 27250 | Orc:2    | Found a staircase to the Elven Halls.
 27370 | Orc:2    | Found Oppian's Book Emporium.
 27378 | Orc:2    | Reached skill level 6 in Dodging
 27599 | Orc:2    | Found Unapuvo's Antique Weapon Shoppe.
 28040 | Orc:2    | Bought a +2 tower shield of reflection for 222 gold pieces
 28237 | D:12     | Reached skill level 7 in Dodging
 28594 | D:12     | Reached XP level 16. HP: 106/122 MP: 10/27
 28772 | D:12     | Found an ancient bone altar of Kikubaaqudgha.
 28849 | D:13     | Noticed Josephine
 28861 | D:13     | Killed Josephine
 28918 | D:13     | Found a gate to the Vaults.
 28965 | D:13     | Reached skill level 8 in Dodging
 29182 | D:13     | Found a radiant altar of Vehumet.
 29369 | D:13     | Reached skill level 11 in Shields
 29451 | D:13     | Found a shimmering blue altar of Sif Muna.
 30361 | D:14     | Noticed Frances
 30404 | D:13     | Reached skill level 12 in Shields
 30483 | D:14     | Banished Frances
 30521 | D:14     | Reached skill level 19 in Axes
 30714 | D:14     | Reached skill level 9 in Dodging
 30999 | D:14     | Found a bloodstained altar of Trog.
 31208 | D:15     | Entered Level 15 of the Dungeon
 31395 | D:15     | Found a staircase to the Depths.
 31414 | D:15     | Reached XP level 17. HP: 126/126 MP: 9/28
 31634 | D:15     | Reached skill level 13 in Shields
 31911 | D:15     | Reached skill level 11 in Fighting
 32612 | Elf:1    | Entered Level 1 of the Elven Halls
 32966 | Elf:1    | HP: 25/131 [deep elf zephyrmancer/bolt of lightning (10)]
 32967 | Elf:1    | HP: 6/131 [deep elf zephyrmancer/bolt of lightning (37)]
 33265 | Elf:1    | Reached skill level 14 in Shields
 33398 | Elf:1    | Found a shimmering blue altar of Sif Muna.
 33611 | Elf:1    | Reached skill level 20 in Axes
 33871 | Elf:1    | Found Imioh's General Store.
 33874 | Elf:1    | Bought a scroll of magic mapping for 59 gold pieces
 33874 | Elf:1    | Bought a potion of might for 68 gold pieces
 33940 | Elf:2    | Found Qawiruji's Magic Scroll Shoppe.
 33969 | Elf:2    | Reached skill level 10 in Dodging
 34231 | Elf:2    | Bought a scroll of enchant weapon for 97 gold pieces
 34231 | Elf:2    | Bought a scroll of enchant armour for 97 gold pieces
 34285 | Elf:2    | Cast into level 2 of the Abyss (a deep elf sorcerer)
 34378 | Elf:2    | Escaped the Abyss
 34394 | Elf:2    | Reached skill level 12 in Fighting
 34394 | Elf:2    | Reached skill level 15 in Shields
 34503 | Elf:2    | Identified the +6 rapier "Laomoen" {speed, Dex+3}
 34529 | Elf:2    | Reached XP level 18. HP: 135/140 MP: 9/29
 34656 | Elf:2    | Found Daerulem's Jewellery Emporium.
 34667 | Elf:2    | HP: 10/140 [deep elf zephyrmancer/bolt of lightning (22)]
 34911 | Elf:2    | Found Mopygic's Book Boutique.
 35021 | Elf:2    | Found a runed translucent gate.
 35021 | Elf:2    | Found a runed translucent gate.
 35021 | Elf:2    | Found a runed translucent gate.
 35272 | Elf:2    | HP: 16/138 [+2 glaive of venom (33)]
 35748 | Elf:2    | Reached skill level 16 in Shields
 35779 | Elf:2    | HP: 28/142 [deep elf knight (8)]
 36442 | Elf:2    | Bought the ring of Posanen {rPois Dex+3} for 466 gold
                  | pieces
 36714 | Snake:1  | Entered Level 1 of the Snake Pit
 36755 | Snake:1  | Found a flickering gateway to a bazaar.
 36759 | Bazaar   | Entered a bazaar
 36766 | Bazaar   | Found Bieki's Jewellery Shop.
 36780 | Bazaar   | Found Cadwyd's Armour Boutique.
 36788 | Bazaar   | Bought the -3 pair of boots of Vyizaogud {Regen+} for 1
                  | gold piece
 36794 | Bazaar   | Found Asepynini's Book Shop.
 36808 | Bazaar   | Found Jeidefen's Book Boutique.
 36822 | Bazaar   | Found Riseir's General Store.
 36836 | Bazaar   | Found Westitusm's Antique Armour Boutique.
 36945 | Bazaar   | Bought the +6 scale mail "Pariown" {Fly rElec rPois rC-}
                  | for 425 gold pieces
 36997 | Bazaar   | Bought a pair of runed gloves for 240 gold pieces
 37295 | Snake:1  | Reached skill level 21 in Axes
 37326 | Snake:1  | Identified the ring of Eternal Harmony {rElec rPois rF- rN+
                  | Int+4}
 37724 | Snake:1  | Noticed Aizul
 37767 | Snake:1  | Killed Aizul
 37768 | Snake:1  | Reached skill level 11 in Dodging
 38158 | Snake:2  | Reached skill level 13 in Fighting
 38531 | Snake:2  | Noticed Nikola
 38557 | Snake:2  | Killed Nikola
 38641 | Snake:2  | Reached XP level 19. HP: 149/149 MP: 28/30
 39167 | Snake:2  | Noticed Asterion
 39169 | Snake:2  | Banished Asterion
 40025 | Snake:3  | Found Ewubbuhe's Jewellery Emporium.
 40195 | Snake:4  | Entered Level 4 of the Snake Pit
 40485 | Snake:4  | Reached skill level 17 in Shields
 40819 | Snake:4  | Corrupted Snake:4
 40821 | Snake:4  | Noticed a lich
 40821 | Snake:4  | Noticed Vashnia
 40825 | Snake:4  | Killed Vashnia
 40842 | Snake:4  | HP: 24/150 [naga mage (12)]
 40844 | Snake:4  | Mangled by a naga ritualist

Illustrated notes

Levels and vault maps discovered:
D:1:      onia_arrival_mini_maze_b, layout_loops_ring,
          shapermc_ecumenical_altar_flowoftime, chequers_serial_rivers_room_a
D:2:      layout_basic, grunt_ministairs_5, minmay_joined_circles, uniq_robin
D:3:      layout_basic
D:4:      nicolae_BIG_FREAKIN_CUBE, layout_basic
D:5:      layout_loops_ring, grunt_temple_overflow_order_and_chaos_2,
          minmay_temple_entry_mist, serial_shops, nicolae_take_the_stairs,
          grunt_decor_resistance, minmay_misc_feat_nine_boxes, uniq_edmund
D:6:      layout_basic, hangedman_glass_teeth,
          minmay_a_box_with_orc_wizards_in_it, uniq_menkaure
D:7:      layout_rooms, nicolae_benzene_ring
D:8:      layout_basic, minmay_liquid_box, minmay_splitting_lines, uniq_pikel,
          uniq_harold
D:9:      layout_roguey, mainiacjoe_overflow_concentric_impassable,
          nicolae_overflow_hallway_of_the_gods, nzn_ghost_randoct,
          enter_bailey_6, special_room [special_room_bee], minmay_shop_chei,
          hangedman_decor_growths
D:10:     layout_basic, dpeg_lair_monsters, orc_0_dummy, minmay_librarian
D:11:     layout_small_grid, serial_rivers, chequers_serial_rivers_large_b,
          chequers_serial_rivers_marsh, chequers_serial_rivers_small_b,
          chequers_serial_rivers_micro_c, chequers_serial_rivers_micro_c,
          chequers_serial_rivers_micro_b, gammafunk_ghost_hive
D:12:     layout_irregular_city, lemuel_zombie_altar_kikubaaqudgha
D:13:     layout_loops_ring, erik_vaults_2, kennysheep_diamond,
          hangedman_abyss_or_decor_lesser_grid, tgw_sif, uniq_josephine
D:14:     layout_grid_maze, serial_undead, serial_undead_f, serial_undead_d,
          serial_undead_d, serial_undead_c, trog_three_pillars_becter,
          uniq_frances
D:15:     gammafunk_depths_entry_grave, layout_stronghold, minmay_misc_feat_tiny
Lair:1:   layout_chaotic_city, serial_bayou_crossing, uniq_gastronok, uniq_erica
Lair:2:   layout_layer_cave, grunt_megastairs_3
Lair:3:   layout_hall_layers, minmay_snake_entry_guardpost_small,
          nicolae_volcano_entry_two_sided, grunt_forest_stairs_clearing
Lair:4:   layout_cave_pods, skrybe_swamp_entry_bodies, serial_forest,
          infiniplex_forest_3_way, infiniplex_forest_clump_medium,
          infiniplex_forest_lined_3, infiniplex_forest_corner_2,
          infiniplex_forest_lined_2
Lair:5:   layout_long_grid, special_room [special_room_mythical_zoo],
          st_stairs_7, serial_bayou_shore_a
Lair:6:   gammafunk_lair_ancient_temple, layout_cellular_growth, slime_altar_1,
          basic_altar, columned_hall_lemuel, minivault_19, st_stairs_6,
          gammafunk_lair_bear_cave, infiniplex_staircase_pool_2
Snake:1:  layout_concentric_octagons, serial_shops, bzr_entry_safe,
          lemuel_fruit_tree, uniq_aizul
Snake:2:  layout_grid_maze, nicolae_snake_ghostly_warrior_ritual, uniq_asterion,
          uniq_nikola
Snake:3:  layout_grid_shapes, serial_shops, shop, grunt_megastairs_4
Snake:4:  johnstein_snake_rune_scales, layout_rooms
Orc:1:    layout_diamond_mine, serial_shops, nicolae_shop_statue_plus
Orc:2:    pubby_orc_utopia, uniq_erolcha
Elf:1:    layout_onion_city, basic_altar, serial_shops, nicolae_shop_trees
Elf:2:    nicolae_elf_blades_splatter_lattice [nooodl_blade_entry_preview],
          layout_geoelf_octagon, serial_shops, shop, shop, nicolae_shop_crystal

Skill      XL: |  1  2  3  4  5  6  7  8  9 10 11 12 13 14 15 16 17 18 19 |
---------------+----------------------------------------------------------+-----
Axes           | 3 4 5 7 8 11 12 14 15 16 18 19 20 21 | 21.7
Invocations    | 3 4 5 6 7 9 11 12 13 14 15 | 15.7
Shields        | 5 9 10 12 15 16 17 | 17.1
Spellcasting   | 2 4 |  4.0
Armour         | 4 6 8 10 | 10.0
Fighting       | 4 6 8 10 12 13 | 13.6
Dodging        | 7 9 10 11 | 11.6

Action                   |  1- 3 |  4- 6 |  7- 9 | 10-12 | 13-15 | 16-18 | 19-21 || total
-------------------------+-------+-------+-------+-------+-------+-------+-------++-------
Melee: Hand axe          |   104 |   135 |       |       |       |       |       ||   239
       War axe           |       |    84 |   226 |       |       |       |       ||   310
       Punch             |       |     4 |     2 |     1 |       |       |       ||     7
       Broad axe         |       |       |    26 |   385 |   981 |   802 |       ||  2194
       Scimitar          |       |       |       |       |    31 |       |       ||    31
       Executioner's axe |       |       |       |       |       |   168 |   177 ||   345
Throw: Javelin           |       |       |       |     6 |       |       |       ||     6
Invok: Banish            |       |       |     2 |     7 |     9 |     4 |     2 ||    24
       Bend Space        |       |       |       |     2 |     3 |       |       ||     5
       Depart the Abyss  |       |       |       |       |       |     1 |       ||     1
       Corrupt           |       |       |       |       |       |       |     1 ||     1
 Abil: Dig               |       |     1 |     1 |       |     7 |     3 |     1 ||    13
Evoke: Wand              |       |     5 |       |     7 |     9 |       |       ||    21
  Use: Scroll            |       |       |    17 |    10 |    10 |    11 |     1 ||    49
       Potion            |       |       |     5 |     5 |     3 |    13 |     2 ||    28
 Stab: Invisible         |       |       |     2 |       |       |     4 |       ||     6
       Distracted        |       |       |       |       |     1 |     1 |       ||     2
Armor: Leather armour    |     8 |       |       |       |       |       |       ||     8
       Ring mail         |    32 |   109 |    30 |       |       |       |       ||   171
       Chain mail        |       |       |    69 |    92 |       |       |       ||   161
       Skin              |       |       |     7 |       |       |       |       ||     7
       Plate armour      |       |       |       |   113 |   265 |   158 |       ||   536
       Scale mail        |       |       |       |       |       |    19 |    28 ||    47
Dodge: Dodged            |    64 |   201 |   178 |   149 |   229 |   172 |    44 ||  1037
Block: Tower shield      |       |       |       |   126 |   728 |   828 |   195 ||  1877
       Reflection        |       |       |       |       |     8 |    81 |    27 ||   116

Table legend: (Time is in decaauts)
 A = Elapsed time spent in this place.
 B = Non-inter-level travel time spent in this place.
 C = Inter-level travel time spent in this place.
 D = Time resting spent in this place.
 E = Time spent auto-exploring this place.
 F = Levels seen in this place.
 G = Mean time per level.
                   A        B        C        D        E       F      G
               +--------+--------+--------+--------+--------+-----+--------+
         Total |  40932 |  38776 |   2156 |   4673 |  25697 |  34 | 1203.9 |
       Dungeon |  20133 |  19315 |    818 |   1990 |  14130 |  15 | 1342.2 |
          Lair |   7313 |   6925 |    388 |    290 |   4967 |   6 | 1218.8 |
     Snake Pit |   3831 |   3736 |     95 |    213 |   2664 |   4 |  957.8 |
  Orcish Mines |   2862 |   2289 |    573 |    117 |   1563 |   2 | 1431.0 |
   Elven Halls |   3512 |   3232 |    280 |    487 |   1835 |   2 | 1756.0 |
         Abyss |     96 |     96 |      0 |     28 |     43 |   2 |   48.0 |
        Bazaar |    286 |    286 |      0 |      0 |    104 |   1 |  286.0 |
        Bailey |   2574 |   2574 |      0 |   1337 |    389 |   1 | 2574.0 |
       Volcano |    321 |    321 |      0 |    210 |      0 |   1 |  321.0 |
               +--------+--------+--------+--------+--------+-----+--------+

Top non-repeatable levels by time:
  Bailey: 2574 daAuts
    D:10: 2227 daAuts
     D:9: 2187 daAuts
   Orc:2: 2170 daAuts
   Elf:2: 1918 daAuts
  Lair:6: 1667 daAuts
     D:2: 1598 daAuts
   Elf:1: 1594 daAuts
     D:3: 1528 daAuts
     D:1: 1458 daAuts
     D:4: 1440 daAuts
 Snake:2: 1332 daAuts
    D:13: 1299 daAuts
     D:7: 1280 daAuts
  Lair:4: 1216 daAuts

Table legend:
 A = Kills in this place as a percentage of kills in entire the game.
 B = Kills by you in this place as a percentage of kills by you in the entire game.
 C = Kills by friends in this place as a percentage of kills by friends in the entire game.
 D = Other kills in this place as a percentage of other kills in the entire game.
 E = Experience gained in this place as a percentage of experience gained in the entire game.
 F = Experience gained in this place divided by the number of levels of this place that you have seen.
                   A       B       C       D       E      F
               +-------+-------+-------+-------+-------+----------------------
         Total | 100.0 | 100.0 |   N/A | 100.0 | 100.0 | 9013.2
       Dungeon |  37.5 |  37.8 |   N/A |  24.0 |  24.8 | 5064.7
          Lair |  17.5 |  17.7 |   N/A |   8.0 |  18.3 | 9349.5
     Snake Pit |  12.5 |  11.8 |   N/A |  40.0 |  21.7 | 16658.8
  Orcish Mines |  15.7 |  16.0 |   N/A |   4.0 |   8.1 | 12431.5
   Elven Halls |  12.4 |  12.1 |   N/A |  24.0 |  25.8 | 39501.5
        Bailey |   3.9 |   4.0 |   N/A |   0.0 |   0.7 | 2128.0
       Volcano |   0.7 |   0.7 |   N/A |   0.0 |   0.6 | 1754.0
               +-------+-------+-------+-------+-------+----------------------
